2848 views
Uploaded 2020-04-16 23:26:55
Game version 1.32.3
23:04 long 1on1 ladder game on (2)NorthernIsles
Saved by BEARAND
2848 views
Uploaded 2020-04-16 23:26:55
Game version 1.32.3
23:04 long 1on1 ladder game on (2)NorthernIsles

45 units @ 6.4k
/ 1.1k
31 buildings @ 2.9k
/ 1.3k



| Scroll of Town Portal | 1 | 350 |
| total: | 1 | 350g |
| Peasant | 19 | 1425 | / | 0 |
| Footman | 3 | 405 | / | 0 |
| Rifleman | 4 | 820 | / | 120 |
| Mortar Team | 5 | 900 | / | 350 |
| Spell Breaker | 2 | 430 | / | 60 |
| Priest | 2 | 270 | / | 20 |
| Sorceress | 2 | 310 | / | 40 |
| Siege Engine | 5 | 975 | / | 300 |
| Knight | 2 | 490 | / | 120 |
| Goblin Shredder | 1 | 375 | / | 100 |
| total: | 45 | 6400g | / | 1110w |
| Scout Tower | 14 | 420 | / | 280 |
| Guard Tower | 4 | 280 | / | 200 |
| Altar of Kings | 1 | 180 | / | 50 |
| Farm | 8 | 640 | / | 160 |
| Barracks | 1 | 160 | / | 60 |
| Lumber Mill | 1 | 120 | / | 0 |
| Blacksmith | 1 | 140 | / | 60 |
| Arcane Vault | 1 | 130 | / | 30 |
| Town Hall | 2 | 770 | / | 410 |
| Cannon Tower | 9 | 1080 | / | 900 |
| Workshop | 1 | 140 | / | 140 |
| Arcane Sanctum | 1 | 150 | / | 140 |
| Keep | 1 | 320 | / | 210 |
| Castle | 2 | 720 | / | 420 |
| total: | 31 | 2850g | / | 1330w |
| 0:03 | Peasant |
| 0:03 | Peasant |
| 0:03 | Peasant |
| 0:04 | Peasant |
| 0:04 | Peasant |
| 0:22 | Altar of Kings |
| 0:37 | Farm |
| 0:53 | Barracks |
| 1:09 | Lumber Mill |
| 1:17 | Peasant |
| 1:28 | Farm |
| 1:54 | Footman |
| 1:54 | Footman |
| 1:54 | Footman |
| 1:58 | Farm |
| 2:10 | Scout Tower |
| 2:26 | Thunder Clap |
| 2:41 | Blacksmith |
| 2:52 | Farm |
| 2:57 | Guard Tower |
| 3:42 | Farm |
| 3:54 | Keep |
| 4:19 | Rifleman |
| 4:19 | Rifleman |
| 4:28 | Arcane Vault |
| 4:31 | Rifleman |
| 4:40 | Rifleman |
| 4:52 | Improved Masonry |
| 5:06 | Black Gunpowder |
| 5:11 | Bash |
| 5:39 | Scout Tower |
| 6:38 | Workshop |
| 7:08 | Farm |
| 7:26 | Thunder Clap |
| 7:37 | Holy Light |
| 7:46 | Advanced Masonry |
| 7:48 | Iron Plating |
| 7:49 | Iron Forged Swords |
| 7:55 | Goblin Shredder |
| 8:12 | Scout Tower |
| 8:34 | Farm |
| 9:26 | Divine Shield |
| 9:55 | Castle |
| 10:02 | Town Hall |
| 10:06 | Scout Tower |
| 10:45 | Scout Tower |
| 11:07 | Castle |
| 11:09 | Mortar Team |
| 11:09 | Mortar Team |
| 11:14 | Scout Tower |
| 11:22 | Scout Tower |
| 11:25 | Peasant |
| 11:25 | Peasant |
| 11:52 | Arcane Sanctum |
| 11:55 | Guard Tower |
| 12:17 | Storm Bolt |
| 12:19 | Holy Light |
| 12:23 | Studded Leather Armor |
| 12:24 | Steel Forged Swords |
| 12:34 | Cannon Tower |
| 13:04 | Cannon Tower |
| 13:15 | Cannon Tower |
| 13:23 | Scout Tower |
| 13:25 | Peasant |
| 13:25 | Peasant |
| 13:25 | Peasant |
| 13:25 | Peasant |
| 13:25 | Peasant |
| 13:27 | Spell Breaker |
| 13:27 | Spell Breaker |
| 13:28 | Priest |
| 13:28 | Sorceress |
| 13:30 | Priest Adept Training |
| 13:30 | Sorceress Adept Training |
| 13:31 | Sorceress |
| 13:38 | Guard Tower |
| 13:52 | Imbued Masonry |
| 14:27 | Priest |
| 14:30 | Cannon Tower |
| 14:33 | Cannon Tower |
| 15:00 | Brilliance Aura |
| 15:06 | Farm |
| 15:37 | Fragmentation Shards |
| 15:37 | Siege Engine |
| 15:37 | Siege Engine |
| 15:37 | Siege Engine |
| 15:38 | Siege Engine |
| 15:38 | Siege Engine |
| 15:42 | Knight |
| 15:43 | Knight |
| 17:23 | Mortar Team |
| 17:23 | Mortar Team |
| 17:23 | Mortar Team |
| 17:38 | Scout Tower |
| 17:40 | Sorceress Master Training |
| 17:40 | Priest Master Training |
| 17:45 | Steel Plating |
| 17:46 | Mithril Forged Swords |
| 17:56 | Scroll of Town Portal |
| 18:03 | Peasant |
| 18:37 | Peasant |
| 18:37 | Peasant |
| 18:38 | Peasant |
| 18:38 | Peasant |
| 18:38 | Peasant |
| 18:42 | Cannon Tower |
| 18:45 | Scout Tower |
| 19:05 | Scout Tower |
| 20:23 | Cannon Tower |
| 20:29 | Town Hall |
| 20:34 | Scout Tower |
| 20:56 | Scout Tower |
| 21:00 | Cannon Tower |
| 21:33 | Guard Tower |
| 21:57 | Cannon Tower |
| 22:00 | Scout Tower |
| 22:09 | Reinforced Leather Armor |
| 22:09 | Refined Gunpowder |
| 22:10 | Mithril Plating |
| Select | 212 |
| Right click | 179 |
| Build/train/purchase | 105 |
| Use ability | 27 |
| Select group | 20 |
| Remove unit | 6 |
| Chat | 5 |
| Assign group | 4 |
19 units @ 2.1k
/ 0.2k
95 buildings @ 4.5k
/ 2.6k



| Scroll of Regeneration | 2 | 200 |
| Potion of Healing | 3 | 450 |
| Staff of Sanctuary | 3 | 750 |
| Orb of Fire | 2 | 650 |
| Potion of Mana | 1 | 200 |
| Staff of Teleportation | 3 | 450 |
| Boots of Speed | 3 | 750 |
| total: | 17 | 3450g |
| Peasant | 14 | 1050 | / | 0 |
| Priest | 1 | 135 | / | 10 |
| Sorceress | 1 | 155 | / | 20 |
| Dragonhawk Rider | 2 | 400 | / | 60 |
| Goblin Shredder | 1 | 375 | / | 100 |
| total: | 19 | 2115g | / | 190w |
| Scout Tower | 80 | 2400 | / | 1600 |
| Arcane Tower | 2 | 140 | / | 100 |
| Guard Tower | 34 | 2380 | / | 1700 |
| Altar of Kings | 1 | 180 | / | 50 |
| Farm | 5 | 400 | / | 100 |
| Lumber Mill | 1 | 120 | / | 0 |
| Arcane Vault | 2 | 260 | / | 60 |
| Town Hall | 1 | 385 | / | 205 |
| Blacksmith | 1 | 140 | / | 60 |
| Barracks | 1 | 160 | / | 60 |
| Arcane Sanctum | 1 | 150 | / | 140 |
| Gryphon Aviary | 2 | 280 | / | 300 |
| Keep | 1 | 320 | / | 210 |
| Castle | 1 | 360 | / | 210 |
| total: | 95 | 4475g | / | 2575w |
| 0:01 | Peasant |
| 0:01 | Peasant |
| 0:07 | Altar of Kings |
| 0:11 | Peasant |
| 0:17 | Farm |
| 0:25 | Peasant |
| 0:30 | Lumber Mill |
| 0:38 | Peasant |
| 0:53 | Peasant |
| 0:56 | Scout Tower |
| 1:03 | Peasant |
| 1:16 | Peasant |
| 1:18 | Farm |
| 1:22 | Arcane Vault |
| 1:48 | Arcane Tower |
| 1:52 | Peasant |
| 1:54 | Scout Tower |
| 1:55 | Peasant |
| 1:58 | Peasant |
| 2:07 | Blizzard |
| 2:27 | Guard Tower |
| 2:31 | Scout Tower |
| 2:43 | Scout Tower |
| 2:45 | Peasant |
| 2:46 | Peasant |
| 3:09 | Brilliance Aura |
| 3:16 | Peasant |
| 3:17 | Guard Tower |
| 3:18 | Scout Tower |
| 3:33 | Scroll of Regeneration |
| 3:39 | Guard Tower |
| 4:20 | Town Hall |
| 4:23 | Scout Tower |
| 4:24 | Scout Tower |
| 4:44 | Scout Tower |
| 4:46 | Scout Tower |
| 4:46 | Scout Tower |
| 4:53 | Arcane Tower |
| 4:55 | Scout Tower |
| 4:56 | Scout Tower |
| 5:07 | Keep |
| 5:23 | Blizzard |
| 5:29 | Guard Tower |
| 5:30 | Guard Tower |
| 5:31 | Scout Tower |
| 5:35 | Improved Masonry |
| 5:39 | Staff of Teleportation |
| 5:39 | Boots of Speed |
| 5:44 | Guard Tower |
| 6:03 | Farm |
| 6:03 | Farm |
| 6:20 | Guard Tower |
| 6:21 | Scout Tower |
| 6:21 | Scout Tower |
| 6:28 | Scout Tower |
| 6:29 | Scout Tower |
| 6:30 | Scout Tower |
| 6:30 | Scout Tower |
| 6:31 | Scout Tower |
| 6:32 | Scout Tower |
| 6:32 | Scout Tower |
| 6:33 | Scout Tower |
| 7:10 | Guard Tower |
| 7:33 | Arcane Sanctum |
| 7:36 | Scroll of Regeneration |
| 7:41 | Guard Tower |
| 7:43 | Guard Tower |
| 8:01 | Guard Tower |
| 8:20 | Guard Tower |
| 8:30 | Storm Bolt |
| 8:35 | Potion of Healing |
| 8:37 | Potion of Healing |
| 8:37 | Potion of Healing |
| 8:39 | Guard Tower |
| 8:53 | Guard Tower |
| 8:55 | Advanced Masonry |
| 9:00 | Magic Sentry |
| 9:00 | Priest |
| 9:24 | Goblin Shredder |
| 9:45 | Guard Tower |
| 10:20 | Bash |
| 10:26 | Castle |
| 10:28 | Priest Adept Training |
| 10:29 | Sorceress |
| 10:29 | Sorceress Adept Training |
| 10:31 | Guard Tower |
| 10:32 | Scout Tower |
| 10:33 | Scout Tower |
| 10:33 | Scout Tower |
| 10:34 | Scout Tower |
| 10:37 | Scout Tower |
| 10:38 | Scout Tower |
| 10:38 | Scout Tower |
| 10:39 | Scout Tower |
| 10:39 | Scout Tower |
| 10:40 | Scout Tower |
| 10:40 | Scout Tower |
| 10:45 | Farm |
| 11:10 | Brilliance Aura |
| 11:20 | Staff of Teleportation |
| 11:20 | Boots of Speed |
| 11:33 | Guard Tower |
| 12:10 | Storm Bolt |
| 12:14 | Guard Tower |
| 12:16 | Guard Tower |
| 12:36 | Guard Tower |
| 12:37 | Scout Tower |
| 12:38 | Scout Tower |
| 12:38 | Scout Tower |
| 12:38 | Scout Tower |
| 13:07 | Guard Tower |
| 13:10 | Guard Tower |
| 13:12 | Arcane Vault |
| 13:19 | Scout Tower |
| 13:20 | Scout Tower |
| 13:22 | Scout Tower |
| 13:22 | Scout Tower |
| 13:23 | Scout Tower |
| 13:23 | Scout Tower |
| 13:23 | Scout Tower |
| 13:24 | Scout Tower |
| 13:25 | Imbued Masonry |
| 13:27 | Gryphon Aviary |
| 13:28 | Gryphon Aviary |
| 13:29 | Blacksmith |
| 13:31 | Barracks |
| 13:40 | Guard Tower |
| 13:41 | Guard Tower |
| 13:42 | Scout Tower |
| 13:43 | Scout Tower |
| 13:44 | Scout Tower |
| 13:44 | Guard Tower |
| 14:06 | Holy Light |
| 15:04 | Guard Tower |
| 15:06 | Guard Tower |
| 15:26 | Boots of Speed |
| 15:26 | Staff of Teleportation |
| 15:50 | Staff of Sanctuary |
| 15:52 | Orb of Fire |
| 16:06 | Staff of Sanctuary |
| 16:08 | Orb of Fire |
| 17:10 | Blizzard |
| 17:18 | Divine Shield |
| 17:23 | Guard Tower |
| 17:37 | Potion of Mana |
| 17:43 | Scout Tower |
| 17:44 | Scout Tower |
| 17:44 | Scout Tower |
| 17:44 | Scout Tower |
| 17:45 | Scout Tower |
| 17:45 | Scout Tower |
| 17:47 | Dragonhawk Rider |
| 17:47 | Dragonhawk Rider |
| 17:50 | Iron Forged Swords |
| 17:50 | Studded Leather Armor |
| 18:31 | Staff of Sanctuary |
| 18:57 | Scout Tower |
| 18:58 | Scout Tower |
| 18:59 | Scout Tower |
| 18:59 | Scout Tower |
| 19:03 | Bash |
| 19:12 | Scout Tower |
| 19:12 | Scout Tower |
| 19:12 | Scout Tower |
| 19:13 | Scout Tower |
| 19:13 | Scout Tower |
| 19:13 | Scout Tower |
| 19:13 | Scout Tower |
| 19:14 | Scout Tower |
| 20:02 | Guard Tower |
| 20:25 | Guard Tower |
| 20:39 | Animal War Training |
| 20:40 | Steel Forged Swords |
| 20:40 | Reinforced Leather Armor |
| 20:54 | Scout Tower |
| 20:55 | Scout Tower |
| 20:55 | Scout Tower |
| 20:55 | Scout Tower |
| 20:56 | Scout Tower |
| 20:56 | Scout Tower |
| 20:56 | Scout Tower |
| 22:08 | Guard Tower |
| 22:11 | Scout Tower |
| 22:11 | Scout Tower |
| 22:12 | Scout Tower |
| 22:12 | Scout Tower |
| 22:13 | Scout Tower |
| 22:13 | Scout Tower |
| Right click | 2416 |
| Select | 581 |
| Select group | 376 |
| Build/train/purchase | 158 |
| Use ability | 89 |
| Chat | 77 |
| Misc. action | 24 |
| Item give/drop | 23 |
| Assign group | 14 |